 Dungeon Crawl Stone Soup version 0.31-a0-431-g88bdf31460 (webtiles) character file.

Game seed: 10204018813545391134

12385 juan097 the Thaumaturge (level 12, -1/91 HPs)
             Began as a Djinni Air Elementalist on July 31, 2023.
             Was an Initiate of Gozag.
             Slain by an eight-headed hydra (8 damage)
             ... on level 10 of the Dungeon.
             The game lasted 00:31:49 (13411 turns).

juan097 the Thaumaturge (Djinni Air Elementalist)  Turns: 13411, Time: 00:31:49

Health: -1/91      AC: 14    Str: 13    XL:     12   Next: 19%
Gold:   945        EV:  9    Int: 20    God:    Gozag SH:  0 Dex: 16

rFire   + + .        a - +4 short sword (venom)
rCold   + . .        (no shield)
rNeg    . . .        v - +6 scale mail of Riurea {Rampage rC+ Will-}
rPois   ∞            (no helmet)
rElec   .            (no cloak)
rCorr   .            c - +1 pair of gloves
SInv    .            (boots unavailable)
Will    .....        (no amulet)
Stlth   +            y - +6 ring of strength
HPRegen 0.35/turn    D - ring of protection from cold
MPRegen 0.00/turn

%: rampage, infuse magic (-2 HP)
@: gold aura, flying, very slightly contaminated
A: sickness immunity, fire resistance 2, cold vulnerability 1, float, innate
caster, HP casting, extra vitality 1
a: Renounce Religion, Potion Petition, Call Merchant, Bribe Branch


You were on level 10 of the Dungeon.
You worshipped Gozag.
Gozag was pleased with you.
You visited 2 branches of the dungeon, and saw 11 of its levels.

You collected 1947 gold pieces.
You spent 840 gold pieces at shops.
You paid 162 gold pieces to Gozag.

Inventory:

Hand Weapons
 a - a +4 short sword of venom (weapon)
Missiles
 o - 27 poisoned darts
 q - 5 javelins
 w - 5 curare-tipped darts
Armour
 c - a +1 pair of gloves (worn)
 v - the +6 scale mail of Riurea (worn) {Rampage rC+ Will-}
   (You found it on level 6 of the Dungeon)

   rC:        It protects you from cold.
   Rampage:   It bestows one free step when moving towards enemies.
   Will:      It decreases your willpower.
 B - +0 steam dragon scales
Jewellery
 y - a +6 ring of strength (left hand)
 D - a ring of protection from cold (right hand)
Wands
 l - a wand of paralysis (10)
 z - a wand of light (7)
 C - a wand of mindburst (4)
 E - a wand of roots (4)
Scrolls
 b - 11 scrolls of teleportation
 e - 3 scrolls of revelation
 f - 2 scrolls of vulnerability
 h - a scroll of amnesia
 j - 2 scrolls of enchant weapon
 n - a scroll of silence {unknown}
 p - a scroll of brand weapon
 s - a scroll of fear
 t - 3 scrolls of poison
 u - 4 scrolls of fog
 x - 3 scrolls of enchant armour
 A - a scroll of immolation
Potions
 d - 2 potions of might
 g - 6 potions of curing
 i - 4 potions of heal wounds
 k - 3 potions of mutation
 m - a potion of ambrosia
 r - 2 potions of brilliance


   Skills:
 - Level 10.0 Fighting
 - Level 4.0 Short Blades
 - Level 2.1 Dodging
 - Level 4.0 Stealth
 + Level 11.4 Spellcasting
 + Level 11.4 Conjurations
 + Level 11.4 Hexes
   Level 0.0 Charms
 + Level 11.4 Summonings
 + Level 11.4 Necromancy
 + Level 11.4 Translocations
 + Level 11.4 Transmutations
 + Level 11.4 Fire Magic
 + Level 11.4 Ice Magic
 + Level 11.4 Air Magic
 + Level 11.4 Earth Magic
 + Level 11.4 Poison Magic


You knew the following spells:

 Your Spells              Type           Power      Damage    Failure   Level
a - Shock                 Conj/Air       100%       1d9       1%          1
b - Static Discharge      Conj/Air       100%       2-7/arc   1%          2
c - Swiftness             Air            55%        N/A       1%          3
d - Airstrike             Air            27%        2d(4-20)  2%          4
e - Necrotise             Necr           100%       1d9       1%          1
f - Searing Ray           Conj           100%       2d8       1%          2
g - Mephitic Cloud        Conj/Pois/Air  55%        N/A       1%          3
h - Leda's Liquefaction   Hex/Erth       27%        N/A       2%          4
i - Cause Fear            Hex            27%        N/A       2%          4
Your spell library was empty.

Dungeon Overview and Level Annotations

Branches:
Dungeon (10/15)            Temple (1/1) D:6
   Lair: D:8-11         Orc: D:9-12

Altars:
Ashenzari
Cheibriados
Dithmenos
Elyvilon
Fedhas
Gozag
Makhleb
Nemelex Xobeh
Okawaru
Qazlal
Ru
Trog
Uskayaw
Wu Jian
Xom
Yredelemnul
Zin
The Shining One

Shops:
D:1 ?   D:2 ?   D:5 *   D:8 =

Annotations:
D:7 2 transporters, jejorda2's ghost, novice GnBe


Innate Abilities, Weirdness & Mutations

You are immune to sickness and miasma.
You are immune to poison.
Your flesh is very heat resistant. (rF++)
You are vulnerable to cold. (rC-)
You float through the air rather than walking.
You learn spells naturally, not from books.
Your magical power is your life essence.
You have superior vitality. (+4 MHP)


Message History

Aim: an eight-headed hydra (empty space bonus: 8/8)
The air twists around and strikes the eight-headed hydra!
The eight-headed hydra is lightly wounded.
Casting: Airstrike (dangerous; 2% risk of failure)
Confirm with . or Enter, or press ? or * to list all spells.
Aiming: Airstrike (dangerous; 2% risk of failure)
Press: ? - help, Dir - move target, f/p - eight-headed hydra
Aim: an eight-headed hydra (lightly wounded, empty space bonus: 8/8)
The air twists around and strikes the eight-headed hydra!
The eight-headed hydra is moderately wounded.
Casting: Airstrike (dangerous; 2% risk of failure)
Confirm with . or Enter, or press ? or * to list all spells.
Aiming: Airstrike (dangerous; 2% risk of failure)
Press: ? - help, Dir - move target, f/p - eight-headed hydra
Aim: an eight-headed hydra (moderately wounded, empty space bonus: 8/8)
The air twists around and strikes the eight-headed hydra!
The eight-headed hydra is moderately wounded.
Casting: Airstrike (dangerous; 2% risk of failure)
Confirm with . or Enter, or press ? or * to list all spells.
Aiming: Airstrike (dangerous; 2% risk of failure)
Press: ? - help, Dir - move target, f/p - eight-headed hydra
Aim: an eight-headed hydra (moderately wounded, empty space bonus: 8/8)
You miscast Airstrike.
Nothing appears to happen.
Casting: Airstrike (dangerous; 2% risk of failure)
Confirm with . or Enter, or press ? or * to list all spells.
Aiming: Airstrike (dangerous; 2% risk of failure)
Press: ? - help, Dir - move target, f/p - eight-headed hydra
Aim: an eight-headed hydra (moderately wounded, empty space bonus: 7/8)
The air twists around and strikes the eight-headed hydra!!
The eight-headed hydra is severely wounded.
The eight-headed hydra bites you but does no damage. x2
The eight-headed hydra bites you!
* * * LOW HITPOINT WARNING * * *
The eight-headed hydra barely misses you.
The eight-headed hydra bites you!
* * * LOW HITPOINT WARNING * * *
The eight-headed hydra bites you but does no damage.
The eight-headed hydra bites you!
You die...
Your body crumbles into a pile of gold.

..... #.# .#
####.#####.#..
#.#...#.##.#.
...#.#...#..
#.#.#.#.##.#
.#.....#.#.# .# ..
..#.#.#....# .##..
.#.....#.#.########.....
#.#.#.#.##......@.......
...#.#...#.##...D.......
#.#...#.##.##...........
####.#####.##.....######
..... #.##.....≈..... ##
## #......$.~.....
#.####..~~..... #..
..≈≈...... ....$......


You could see an eight-headed hydra.

Vanquished Creatures
  A hydra (D:10)
  4 two-headed ogres
  An orc knight (D:10)
  Psyche (D:8)
  A kobold demonologist (D:9)
  Maggie (D:8)
  3 hornets
  2 trolls
  3 wyverns
  A shadow (D:10)
  A vampire (D:9)
  The ghost of osoart the Changeling, an amateur FeSh of Fedhas (D:5)
  Grum (D:8)
  9 yaks
  6 steam dragons
  2 water moccasins (D:7)
  An acid dragon (D:9)
  6 orc warriors
  An ice beast (D:8)
  A sky beast (D:7)
  A black bear (D:7)
  2 wolves (D:8)
  3 ogres
  4 centaurs
  2 kobold brigands
  6 bullfrogs
  2 scorpions (D:5)
  A wyvern skeleton (D:5)
  A water moccasin skeleton (D:5)
  8 killer bees
  8 howler monkeys
  4 jellies
  2 gnoll boudas
  5 orc priests
  4 hounds
  3 iguanas
  A centaur skeleton (D:5)
  4 orc wizards
  3 adders
  9 gnolls
  2 white imps (D:6)
  A dart slug (D:4)
  23 orcs
  8 endoplasms
  2 giant cockroaches (D:1)
  19 hobgoblins
  2 jackals (D:3)
  2 quokkas
  11 ball pythons
  8 bats
  2 frilled lizards (D:1)
  5 goblins
  11 kobolds
  6 rats
222 creatures vanquished.

Vanquished Creatures (others)
  An electric eel (D:7)
1 creature vanquished.

Grand Total: 223 creatures vanquished

Notes
Turn   | Place    | Note
-------+----------+-------------------------------------------
     0 | D:1      | juan097 the Djinni Air Elementalist began the quest for the
                  | Orb.
     0 | D:1      | juan097 set off with the following spells memorised: Shock,
                  | Static Discharge, Swiftness, Airstrike.
     0 | D:1      | Reached XP level 1. HP: 15/15 MP: 0/0
   122 | D:1      | Reached XP level 2. HP: 20/22 MP: 0/0
   468 | D:1      | Reached XP level 3. HP: 23/26 MP: 0/0
   468 | D:1      | Learned a level 1 spell: Necrotise
   709 | D:1      | Found Ryegygh's Magic Scroll Shop.
   713 | D:1      | Bought a scroll of noise for 14 gold pieces
  1062 | D:2      | Reached skill level 1 in Fighting
  1188 | D:2      | Found Delluf's Magic Scroll Boutique.
  2042 | D:3      | Reached XP level 4. HP: 29/32 MP: 0/0
  2060 | D:3      | Found a sparkling altar of Nemelex Xobeh.
  2423 | D:3      | Reached XP level 5. HP: 36/37 MP: 0/0
  2423 | D:3      | Learned a level 2 spell: Searing Ray
  3054 | D:4      | Reached XP level 6. HP: 32/43 MP: 0/0
  4042 | D:2      | Bought a scroll of teleportation for 30 gold pieces
  4042 | D:2      | Bought a scroll of fear for 40 gold pieces
  4106 | D:1      | Bought a scroll of poison for 56 gold pieces
  4106 | D:1      | Bought 2 scrolls of fog for 112 gold pieces
  4242 | D:5      | Entered Level 5 of the Dungeon
  4280 | D:5      | Found an opulent altar of Gozag.
  4281 | D:5      | Found a broken altar of Ashenzari.
  4435 | D:5      | Found Tozo's Assorted Antiques.
  4477 | D:5      | Reached XP level 7. HP: 41/49 MP: 0/0
  4477 | D:5      | Learned a level 3 spell: Mephitic Cloud
  4677 | D:5      | Found a runed translucent gate.
  4679 | D:5      | Found a runed translucent gate.
  4679 | D:5      | Found a runed translucent gate.
  4684 | D:5      | Noticed osoart's ghost (amateur FeSh)
  5115 | D:6      | Identified the +6 scale mail of Riurea {Rampage rC+ Will-}
  5132 | D:6      | Found a staircase to the Ecumenical Temple.
  5134 | D:6      | Noticed a hornet
  5137 | Temple   | Entered the Ecumenical Temple
  5151 | D:6      | Killed a hornet
  5152 | D:6      | Reached skill level 5 in Spellcasting
  5152 | D:6      | Reached skill level 5 in Conjurations
  5152 | D:6      | Reached skill level 5 in Hexes
  5152 | D:6      | Reached skill level 5 in Summonings
  5152 | D:6      | Reached skill level 5 in Necromancy
  5152 | D:6      | Reached skill level 5 in Translocations
  5152 | D:6      | Reached skill level 5 in Transmutations
  5152 | D:6      | Reached skill level 5 in Fire Magic
  5152 | D:6      | Reached skill level 5 in Ice Magic
  5152 | D:6      | Reached skill level 5 in Air Magic
  5152 | D:6      | Reached skill level 5 in Earth Magic
  5152 | D:6      | Reached skill level 5 in Poison Magic
  5152 | D:6      | Reached XP level 8. HP: 27/58 MP: 0/0
  6394 | D:5      | Became a worshipper of Gozag Ym Sagoz the Greedy
  6525 | D:1      | Bought a scroll of identify for 28 gold pieces
  6872 | D:7      | Reached skill level 5 in Fighting
  6955 | D:7      | Found a transporter.
  6978 | D:7      | Reached XP level 9. HP: 51/65 MP: 0/0
  6978 | D:7      | Learned a level 4 spell: Leda's Liquefaction
  7054 | D:7      | Found a transporter.
  7058 | D:7      | Noticed jejorda2's ghost (novice GnBe)
  7355 | D:7      | Reached skill level 1 in Short Blades
  7761 | D:7      | Found a glowing silver altar of Zin.
  8556 | D:2      | Bought a scroll of enchant weapon for 75 gold pieces
  8556 | D:2      | Bought a scroll of immolation for 40 gold pieces
  8556 | D:2      | Bought a scroll of identify for 20 gold pieces
  8556 | D:2      | Bought a scroll of identify for 20 gold pieces
  8695 | D:8      | Noticed Grum
  8698 | D:8      | Noticed Psyche
  8715 | D:8      | Killed Psyche
  8716 | D:8      | Reached XP level 10. HP: 51/72 MP: 0/0
  8723 | D:8      | Killed Grum
  8938 | D:8      | Found Qitrujax's Jewellery Shoppe.
  9099 | D:8      | Noticed Maggie
  9106 | D:8      | Killed Maggie
 10192 | D:8      | Bought a ring of protection from cold for 300 gold pieces
 10686 | D:9      | Reached XP level 11. HP: 75/82 MP: 0/0
 10686 | D:9      | Learned a level 4 spell: Cause Fear
 10754 | D:9      | Noticed a two-headed ogre
 10767 | D:9      | Killed a two-headed ogre
 11071 | D:9      | Noticed a sun demon
 11406 | D:9      | Noticed a two-headed ogre
 11413 | D:9      | Killed a two-headed ogre
 11504 | D:9      | Noticed a two-headed ogre
 11544 | D:9      | Killed a two-headed ogre
 11545 | D:9      | Reached skill level 10 in Fighting
 11545 | D:9      | Reached skill level 10 in Spellcasting
 11545 | D:9      | Reached skill level 10 in Conjurations
 11545 | D:9      | Reached skill level 10 in Hexes
 11545 | D:9      | Reached skill level 10 in Summonings
 11545 | D:9      | Reached skill level 10 in Necromancy
 11545 | D:9      | Reached skill level 10 in Translocations
 11545 | D:9      | Reached skill level 10 in Transmutations
 11545 | D:9      | Reached skill level 10 in Fire Magic
 11545 | D:9      | Reached skill level 10 in Ice Magic
 11545 | D:9      | Reached skill level 10 in Air Magic
 11545 | D:9      | Reached skill level 10 in Earth Magic
 11545 | D:9      | Reached skill level 10 in Poison Magic
 11729 | D:10     | Entered Level 10 of the Dungeon
 11729 | D:10     | Found a burning altar of Makhleb.
 11934 | D:1      | Bought a scroll of enchant armour for 105 gold pieces
 12101 | D:5      | Killed osoart's ghost
 12598 | D:10     | Found a blossoming altar of Fedhas.
 13015 | D:10     | Noticed an orc knight
 13050 | D:10     | Killed an orc knight
 13058 | D:10     | Reached XP level 12. HP: 43/91 MP: 0/0
 13193 | D:10     | Noticed a five-headed hydra
 13197 | D:10     | Killed a five-headed hydra
 13396 | D:10     | Noticed a two-headed ogre
 13401 | D:10     | Noticed an eight-headed hydra
 13403 | D:10     | Killed a two-headed ogre
 13411 | D:10     | Slain by an eight-headed hydra

Illustrated notes

Levels and vault maps discovered:
D:1:      roderic_chinese_lattice_arrival, layout_loops_ring, serial_shops,
          nicolae_shop_pleasant_corner_grove
D:2:      layout_loops_corners, serial_shops, shop_fountains,
          minmay_pentomino_v2
D:3:      layout_basic, mainiacjoe_overflow_concentric_impassable, minivault_4,
          minmay_shallow_snake_nest
D:4:      layout_basic, small_statue_intersection, grunt_ministairs_13,
          nicolae_concentric_dashed_squares_mild, kennysheep_generic_room_3
D:5:      layout_basic, grunt_temple_overflow_open, serial_shops,
          nicolae_take_the_stairs, gammafunk_ghost_necromancy
D:6:      layout_cave_pods, minmay_temple_entry_butterflies,
          minmay_fractal_squares_5
D:7:      layout_loops_ring, zin_scriptorium, gammafunk_ghost_stat_death,
          kennysheep_minor_cross, david_defended_altar_orc
D:8:      layout_basic, serial_shops, nicolae_shop_gibbet_a_chance, uniq_grum,
          uniq_maggie, uniq_psyche
D:9:      minmay_polygon_palace, layout_loops_ring
D:10:     minmay_the_grid_4x2 [minmay_the_grid_x, minmay_the_grid_eight,
          minmay_the_grid_gridbox, minmay_the_grid_pillar_ring,
          minmay_the_grid_diamond_grid, minmay_the_grid_armoury,
          minmay_the_grid_mess, minmay_the_grid_prize_shrinking_boxes],
          layout_stronghold, mainiacjoe_overflow_boulevard,
          mainiacjoe_overflow_catwalk_spiral, chequers_arboretum, hex_medium,
          chequers_serial_rivers_small_a
Temple:   nicolae_temple_two_arcs

Skill      XL: |  1  2  3  4  5  6  7  8  9 10 11 |
---------------+----------------------------------+-----
Spellcasting   | 4 5 6 8 9 11 | 11.4
Conjurations   | 4 5 6 8 9 11 | 11.4
Hexes          | 4 5 6 8 9 11 | 11.4
Summonings     | 4 5 6 8 9 11 | 11.4
Necromancy     | 4 5 6 8 9 11 | 11.4
Translocations | 4 5 6 8 9 11 | 11.4
Transmutations | 4 5 6 8 9 11 | 11.4
Fire Magic     | 4 5 6 8 9 11 | 11.4
Ice Magic      | 4 5 6 8 9 11 | 11.4
Air Magic      | 4 5 6 8 9 11 | 11.4
Earth Magic    | 4 5 6 8 9 11 | 11.4
Poison Magic   | 4 5 6 8 9 11 | 11.4
Stealth        | 2 3 4 |  4.0
Fighting       | 1 2 3 5 6 8 10 | 10.0
Short Blades   | 4 |  4.0
Dodging        | |  2.1

Action                     |  1- 3 |  4- 6 |  7- 9 | 10-12 || total
---------------------------+-------+-------+-------+-------++-------
  Melee: Short sword       |     3 |     9 |    70 |    34 ||   116
         Punch             |       |     1 |     2 |       ||     3
  Throw: Dart              |       |       |     2 |       ||     2
   Cast: Shock             |    89 |   120 |    85 |    51 ||   345
         Mephitic Cloud    |       |       |    14 |    22 ||    36
         Airstrike         |       |       |    14 |   118 ||   132
         Searing Ray       |       |       |     3 |     5 ||     8
         Leda's Liquefacti |       |       |     1 |       ||     1
         Swiftness         |       |       |       |     1 ||     1
    Use: Scroll            |       |       |     9 |     6 ||    15
   Stab: Sleeping          |     1 |       |     1 |     1 ||     3
         Confused          |       |       |     4 |     4 ||     8
 Armour: Robe              |     1 |       |       |       ||     1
         Leather armour    |       |     6 |    21 |     2 ||    29
         Steam dragon scal |       |       |       |     8 ||     8
         Scale mail        |       |       |       |    33 ||    33
  Dodge: Dodged            |       |    13 |    76 |    30 ||   119

Table legend: (Time is in decaauts)
 A = Elapsed time spent in this place.
 B = Non-inter-level travel time spent in this place.
 C = Inter-level travel time spent in this place.
 D = Time resting spent in this place.
 E = Time spent auto-exploring this place.
 F = Levels seen in this place.
 G = Mean time per level.
                   A        B        C        D        E       F      G
               +--------+--------+--------+--------+--------+-----+--------+
         Total |  13423 |  11406 |   2017 |    170 |   9590 |  11 | 1220.3 |
       Dungeon |  13421 |  11404 |   2017 |    170 |   9590 |  10 | 1342.1 |
        Temple |      1 |      1 |      0 |      0 |      0 |   1 |    1.0 |
               +--------+--------+--------+--------+--------+-----+--------+

Top non-repeatable levels by time:
     D:9: 2139 daAuts
     D:7: 1805 daAuts
     D:4: 1534 daAuts
     D:5: 1368 daAuts
     D:6: 1278 daAuts
     D:1: 1228 daAuts
     D:8: 1225 daAuts
     D:3: 1058 daAuts
     D:2: 1040 daAuts
    D:10: 742 daAuts
  Temple: 1 daAuts
